 Dungeon Crawl Stone Soup version 0.31-a0-217-g58bb5d79cf (webtiles) character file.

Game seed: 1069727098333826134

98 Zonian the Grave Robber (level 4, -1/24 HPs)
             Began as a Deep Elf Necromancer on July 2, 2023.
             Slain by an orc priest
             ... wielding a +0 whip
              (5 damage)
             ... on level 3 of the Dungeon.
             The game lasted 00:04:41 (2789 turns).

Zonian the Grave Robber (Deep Elf Necromancer)      Turns: 2789, Time: 00:04:43

Health: -1/24      AC:  3    Str:  5    XL:     4   Next: 43%
Magic:  5/12       EV: 13    Int: 22    God:
Gold:   103        SH:  0    Dex: 15    Spells: 3/11 levels left

rFire   . . .        g - +0 short sword
rCold   . . .        (no shield)
rNeg    . . .        a - +0 robe
rPois   .            (no helmet)
rElec   .            (no cloak)
rCorr   .            k - +0 pair of gloves
SInv    .            (no boots)
Will    .....        (no amulet)
Stlth   ++           (no ring)
HPRegen 0.24/turn    (no ring)
MPRegen 0.13/turn

%: no passive effects
@: no status effects
A: no striking features
a: no special abilities


You were on level 3 of the Dungeon.
You visited 1 branch of the dungeon, and saw 3 of its levels.

You collected 103 gold pieces.

Inventory:

Hand Weapons
 g - a +0 short sword (weapon)
Missiles
 d - 3 poisoned darts
Armour
 a - a +0 robe (worn)
 k - a +0 pair of gloves (worn)
Wands
 r - a wand of flame (19)
Scrolls
 c - 2 scrolls of poison {unknown}
 e - a scroll of torment {unknown}
 f - a scroll of immolation {unknown}
 i - a scroll of silence {unknown}
 j - a scroll of identify {unknown}
 m - a scroll of amnesia {unknown}
 o - 2 scrolls of teleportation {unknown}
Potions
 b - a potion of magic
 h - a potion of curing {unknown}
 l - 2 potions of degeneration {unknown}
 n - a potion of haste {unknown}
 p - a potion of cancellation {unknown}
 q - a potion of might {unknown}


   Skills:
 + Level 3.5 Dodging
 + Level 3.6 Stealth
 + Level 4.1 Spellcasting
 + Level 5.5 Necromancy


You had 3 spell levels left.
You knew the following spells:

 Your Spells              Type           Power      Damage    Failure   Level
a - Necrotise             Necr           100%       1d9       1%          1
b - Vampiric Draining     Necr           28%        2d8       3%          3
c - Animate Dead          Necr           28%        N/A       12%         4

Your spell library contained the following spells:

 Spells                   Type           Power      Damage    Failure   Level
 Agony                    Necr           28%        N/A       32%         5


Dungeon Overview and Level Annotations

Branches:
Dungeon (3/15)

Altars:


Message History

An orc priest comes into view. It is wielding a +0 club.
The orc closely misses you.
The orc hits your orc skeleton with a +0 hand axe.
Your orc skeleton is destroyed!
The orc writhes in agony!
You kill the orc!
The orc priest shouts!
The dead are walking!
The orc throws a boomerang.
The boomerang barely misses you.
The orc writhes in agony.
Unknown command.
The orc writhes in agony.
The orc barely misses you.
The orc hits your orc skeleton with a +0 hand axe.
The orc hits you with a +0 hand axe.
The orc writhes in agony.
You kill the orc!
The dead are walking!
Your orc skeleton barely misses the orc.
The orc hits you but does no damage. The orc hits you with a +0 club.
The orc hits your orc skeleton with a +0 dagger.
Unknown command.
The orc writhes in agony.
Your orc skeleton hits the orc.
The orc priest invokes the aid of Beogh against you.
Beogh smites you!
Ouch! That really hurt!
* * * LOW HITPOINT WARNING * * *
The orc hits you but does no damage. The orc misses you.
The orc hits your orc skeleton with a +0 dagger.
Your orc skeleton is destroyed!
Okay, then.
Casting: Necrotise (safe; 1% risk of failure)
Confirm with . or Enter, or press ? or * to list all spells.
Aiming: Necrotise (safe; 1% risk of failure)
Press: ? - help, Shift-Dir - straight line, f - orc priest, p - orc
Aim: an orc priest, wielding a +0 whip (chance to affect: 83%)
The orc priest writhes in agony.
The orc completely misses you. The orc hits you but does no damage.
Your orc skeleton barely misses the orc.
The orc priest hits you with a +0 whip.
You die...

......<.......#
.##...........#.
.....#
#...........#.#...#.#
#..###......#.......#
#..##..)....#.......#
##.#........#.......#
#..........#o#...#.#
#..........#)oo....#.
#...........Z@o......
#....................
#.##?...........#....
## ##......)...## ###
############


You could see an orc priest, 3 orcs and a friendly orc skeleton.

Vanquished Creatures
  Jessica (D:2)
  An adder (D:2)
  2 dart slugs
  3 orcs (D:3)
  2 endoplasms (D:2)
  3 giant cockroaches (D:2)
  4 goblins
  3 hobgoblins
  4 quokkas
  2 ball pythons
  8 bats
  5 frilled lizards
  5 kobolds
  7 rats
50 creatures vanquished.

Vanquished Creatures (collateral kills)
  A worm (D:2)
  A dart slug (D:1)
  A ball python (D:2)
  2 frilled lizards (D:1)
5 creatures vanquished.

Grand Total: 55 creatures vanquished

Notes
Turn   | Place    | Note
-------+----------+-------------------------------------------
     0 | D:1      | Zonian the Deep Elf Necromancer began the quest for the
                  | Orb.
     0 | D:1      | Reached XP level 1. HP: 10/10 MP: 6/6
   204 | D:1      | Reached skill level 5 in Necromancy
   204 | D:1      | Reached XP level 2. HP: 6/15 MP: 1/8
   525 | D:1      | Found a faded altar of an unknown god.
  1539 | D:2      | Noticed Jessica
  1547 | D:2      | Killed Jessica
  1548 | D:2      | Reached XP level 3. HP: 13/19 MP: 7/10
  1889 | D:2      | Reached XP level 4. HP: 24/24 MP: 8/11
  2320 | D:2      | Learned a level 3 spell: Vampiric Draining
  2325 | D:2      | Learned a level 4 spell: Animate Dead
  2789 | D:3      | Slain by an orc priest

Illustrated notes

Levels and vault maps discovered:
D:1:      zelgadis_glass_arrival_small, layout_basic, serial_rivers,
          chequers_serial_rivers_micro_a, chequers_serial_rivers_micro_b,
          chequers_serial_rivers_micro_d, chequers_serial_rivers_marsh,
          shapermc_ecumenical_altar_mp_urbaneastern
D:2:      layout_basic, minmay_pentomino_s4, uniq_jessica
D:3:      cheibrodos_pilgrimage, layout_rooms, uniq_sigmund

Skill      XL: |  1  2  3  4 |
---------------+-------------+-----
Necromancy     | 5 |  5.5
Stealth        | 3 |  3.6
Dodging        | 3 |  3.5
Spellcasting   | 4 |  4.1

Action                     |  1- 3 |  4- 6 || total
---------------------------+-------+-------++-------
  Melee: Unarmed           |     3 |       ||     3
         Short sword       |    22 |    12 ||    34
   Cast: Necrotise         |    50 |    24 ||    74
   Stab: Sleeping          |     1 |     2 ||     3
 Armour: Robe              |    17 |     8 ||    25
  Dodge: Dodged            |    48 |    13 ||    61

Table legend: (Time is in decaauts)
 A = Elapsed time spent in this place.
 B = Non-inter-level travel time spent in this place.
 C = Inter-level travel time spent in this place.
 D = Time resting spent in this place.
 E = Time spent auto-exploring this place.
 F = Levels seen in this place.
 G = Mean time per level.
                   A        B        C        D        E       F      G
               +--------+--------+--------+--------+--------+-----+--------+
         Total |   2835 |   2705 |    130 |    449 |   1769 |   3 |  945.0 |
       Dungeon |   2835 |   2705 |    130 |    449 |   1769 |   3 |  945.0 |
               +--------+--------+--------+--------+--------+-----+--------+

Top non-repeatable levels by time:
     D:1: 1539 daAuts
     D:2: 1255 daAuts
     D:3: 41 daAuts
